 Dungeon Crawl Stone Soup version 0.23.2 (webtiles) character file.

Game seed: 6724004206832555380

1362 esteth the Thaumaturge (level 8, -2/58 HPs)
             Began as a Gnoll Wizard on Apr 1, 2019.
             Was an Initiate of Ashenzari.
             Slain by a hell rat (17 damage)
             ... on level 7 of the Dungeon.
             The game lasted 00:17:57 (8185 turns).

esteth the Thaumaturge (Gnoll Wizard)               Turns: 8185, Time: 00:17:58

Health: -2/58      AC:  7    Str:  9    XL:     8   Next: 64%
Magic:  13/20      EV: 15    Int: 22    God:    Ashenzari [......]
Gold:   347        SH:  3    Dex: 15    Spells: 12/23 levels left

rFire    . . .     SeeInvis .   j - +1 spear (flame)
rCold    . . .     Gourm    .   (no shield)
rNeg     + . .     Faith    .   a - +0 robe
rPois    .         Spirit   .   b - +0 hat
rElec    .         Reflect  +   z - +0 cloak
rCorr    .         Harm     .   y - +0 pair of gloves
MR       .....                  l - +2 pair of boots
Stlth    +++.......             G - +3 amulet of reflection (curse)
HPRegen  0.19/turn              B - ring of positive energy (curse)
MPRegen  0.17/turn              (no ring)

@: very slightly contaminated, lightly drained
A: distributed training, fangs 1, strong nose
a: Curse Item, Renounce Religion


You were on level 7 of the Dungeon.
You worshipped Ashenzari.
Ashenzari was noncommittal.
You were not hungry.

You visited 1 branch of the dungeon, and saw 7 of its levels.

You collected 347 gold pieces.

Inventory:

Hand Weapons
 e - the +6 spear of Spontaneous Combustion {elec, *Drain rN+ Str+3 SInv}
   (You found it on level 5 of the Dungeon)

   Occasionally, upon striking a foe, it will discharge some electrical energy
   and cause terrible harm.
   It affects your strength (+3).
   It protects you from negative energy.
   It lets you see invisible.
   It causes draining when unequipped.
 j - a +1 spear of flaming (weapon)
Armour
 a - a +0 robe (worn)
 b - a +0 hat (worn)
 l - a +2 pair of boots (worn)
 m - a +0 leather armour
 y - a +0 pair of gloves (worn)
 z - a +0 cloak (worn)
Magical Staves
 x - an uncursed staff of earth
Jewellery
 B - a cursed ring of positive energy (left hand)
 G - a cursed +3 amulet of reflection (around neck)
Scrolls
 c - a scroll of noise {unknown}
 f - 4 scrolls of teleportation {unknown}
 h - a scroll of random uselessness {unknown}
 i - 2 scrolls of magic mapping {unknown}
 k - 2 scrolls of fear {unknown}
 n - 2 scrolls of fog {unknown}
 o - 4 scrolls of remove curse
 q - 3 scrolls of enchant armour {unknown}
 s - 2 scrolls of enchant weapon {unknown}
 u - 4 scrolls of blinking {unknown}
 v - 8 scrolls of identify {unknown}
 C - 2 scrolls of immolation {unknown}
 F - a scroll of amnesia {unknown}
Potions
 g - a potion of invisibility {unknown}
 p - a potion of might
 r - 3 potions of flight
 t - 2 potions of agility
 w - a potion of heal wounds {unknown}
 A - a potion of berserk rage {unknown}
 D - a potion of mutation {unknown}
 E - a potion of lignification {unknown}
 H - 2 potions of degeneration {unknown}
Comestibles
 d - 11 rations


   Skills:
 + Level 3.4(3.2) Fighting
 + Level 3.4(3.2) Short Blades
 + Level 3.4(3.2) Long Blades
 + Level 3.4(3.2) Axes
 + Level 3.4(3.2) Maces & Flails
 + Level 3.4(3.2) Polearms
 + Level 3.4(3.2) Staves
 + Level 3.4(3.2) Slings
 + Level 3.4(3.2) Bows
 + Level 3.4(3.2) Crossbows
 + Level 3.4(3.2) Throwing
 + Level 3.4(3.2) Armour
 + Level 5.7(5.6) Dodging
 + Level 5.4(5.2) Stealth
 + Level 3.4(3.2) Shields
 + Level 3.4(3.2) Unarmed Combat
 + Level 8.0(7.8) Spellcasting
 + Level 3.5(3.4) Conjurations
 + Level 2.7(2.6) Hexes
 + Level 2.7(2.6) Charms
 + Level 3.5(3.4) Summonings
 + Level 2.7(2.6) Necromancy
 + Level 3.5(3.4) Translocations
 + Level 2.7(2.6) Transmutations
 + Level 2.7(2.6) Fire Magic
 + Level 2.7(2.6) Ice Magic
 + Level 2.7(2.6) Air Magic
 + Level 2.7(2.6) Earth Magic
 + Level 2.7(2.6) Poison Magic
 + Level 3.7(3.5) Invocations
 + Level 3.4(3.2) Evocations


You had 12 spell levels left.
You knew the following spells:

 Your Spells              Type           Power        Failure   Level  Hunger
a - Magic Dart            Conj           ###.         1%          1    None
b - Blink                 Tloc           N/A          2%          2    None
c - Call Imp              Summ           ###.....     2%          2    None
d - Conjure Flame         Conj/Fire      ###.....     7%          3    None
e - Mephitic Cloud        Conj/Pois/Air  ###.....     7%          3    None

Your spell library contained the following spells:

 Spells                   Type           Power        Failure   Level  Hunger
 Confusing Touch          Hex            ###...       2%          1    None
 Slow                     Hex            ###.....     4%          2    None
 Gell's Gravitas          Tloc           ###.......   5%          3    None
 Confuse                  Hex            ###.....     8%          3    None
 Petrify                  Tmut/Erth      ###.....     26%         4    ###....
 Metabolic Englaciation   Hex/Ice        ###.......   58%         5    #####..
 Yara's Violent Unravell  Hex/Tmut       ###.......   58%         5    #####..


Dungeon Overview and Level Annotations

Branches:
Dungeon (7/15)             Temple (0/1) D:6

Altars:
Ashenzari
Dithmenos
Okawaru
Vehumet
Xom
Zin

Shops:
D:7 *


Innate Abilities, Weirdness & Mutations

Your experience applies equally to all skills.
You have very sharp teeth.
Your uncanny sense of smell can sniff out nearby items.


Message History

The hell rat bites your shadow imp. The hell rat bites your shadow imp!!
Your shadow imp dies!
Casting: Call Imp (safe; 2% risk of failure)
Confirm with . or Enter, or press ? or * to list all spells.
Aiming: Magic Dart (safe; 1% risk of failure)
Press: ? - help, Shift-Dir - straight line, f - hell rat
Aim: a hell rat (heavily wounded)
The magic dart hits the hell rat but does no damage.
The hell rat is heavily wounded.
Casting: Magic Dart (safe; 1% risk of failure)
Confirm with . or Enter, or press ? or * to list all spells.
Aiming: Mephitic Cloud (safe; 7% risk of failure)
Press: ? - help, Shift-Dir - straight line, f/p - hell rat
Aim: a hell rat (heavily wounded) That beam is likely to hit you.
Continue anyway?
You miscast Mephitic Cloud.
You are very lightly contaminated with residual magic.
The wind howls around you! The hell rat closely misses you.
The hell rat bites you!
You die...

#F#F# ##..#
#r### #F##
##r## #.#.##
##.#r# ##r##
######@#######
..>...........#
####.########.#
.. #.# #.# #.#
# #.# #.#
########.#
#........#


You could see a hell rat and a quokka.

Vanquished Creatures
  An ice beast (D:6)
  A phantom (D:6)
  4 ogres
  A bullfrog (D:7)
  2 scorpions (D:6)
  A howler monkey (D:4)
  A crimson imp (D:4)
  A bullfrog skeleton (D:6)
  A centaur skeleton (D:5)
  2 hounds
  6 worker ants
  An orc wizard (D:6)
  8 gnolls
  5 adders
  A river rat (D:7)
  A shadow imp (D:6)
  An ooze (D:2)
  An adder skeleton (D:5)
  4 dart slugs
  6 leopard geckos
  26 orcs
  7 bats
  6 giant cockroaches
  7 goblins (D:1)
  5 hobgoblins
  10 jackals
  5 kobolds
  3 quokkas
  5 ball pythons
  10 frilled lizards
  9 rats
142 creatures vanquished.

Vanquished Creatures (collateral kills)
  A centaur (D:6)
  A giant cockroach (D:6)
2 creatures vanquished.

Grand Total: 144 creatures vanquished

Notes
Turn   | Place    | Note
-------+----------+-------------------------------------------
     0 | D:1      | esteth the Gnoll Wizard began the quest for the Orb.
     0 | D:1      | Reached XP level 1. HP: 13/13 MP: 8/8
   233 | D:1      | Reached XP level 2. HP: 10/19 MP: 8/10
   874 | D:1      | Reached XP level 3. HP: 25/25 MP: 6/11
   879 | D:1      | Learned a level 2 spell: Blink
   882 | D:1      | Learned a level 2 spell: Call Imp
   886 | D:1      | Learned a level 3 spell: Conjure Flame
   890 | D:1      | Learned a level 3 spell: Mephitic Cloud
  1276 | D:2      | Reached skill level 1 in Invocations
  1356 | D:2      | Reached skill level 1 in Fighting
  1356 | D:2      | Reached skill level 1 in Short Blades
  1356 | D:2      | Reached skill level 1 in Long Blades
  1356 | D:2      | Reached skill level 1 in Axes
  1356 | D:2      | Reached skill level 1 in Maces & Flails
  1356 | D:2      | Reached skill level 1 in Polearms
  1356 | D:2      | Reached skill level 1 in Staves
  1356 | D:2      | Reached skill level 1 in Slings
  1356 | D:2      | Reached skill level 1 in Bows
  1356 | D:2      | Reached skill level 1 in Crossbows
  1356 | D:2      | Reached skill level 1 in Throwing
  1356 | D:2      | Reached skill level 1 in Armour
  1356 | D:2      | Reached skill level 1 in Shields
  1356 | D:2      | Reached skill level 1 in Unarmed Combat
  1356 | D:2      | Reached skill level 1 in Evocations
  1497 | D:2      | Found a glowing silver altar of Zin.
  1555 | D:2      | Reached XP level 4. HP: 32/32 MP: 13/13
  2475 | D:3      | Reached skill level 1 in Hexes
  2475 | D:3      | Reached skill level 1 in Charms
  2475 | D:3      | Reached skill level 1 in Necromancy
  2475 | D:3      | Reached skill level 1 in Transmutations
  2475 | D:3      | Reached skill level 1 in Fire Magic
  2475 | D:3      | Reached skill level 1 in Ice Magic
  2475 | D:3      | Reached skill level 1 in Air Magic
  2475 | D:3      | Reached skill level 1 in Earth Magic
  2475 | D:3      | Reached skill level 1 in Poison Magic
  2598 | D:3      | Reached XP level 5. HP: 28/37 MP: 14/14
  3360 | D:4      | Noticed an ogre
  3383 | D:4      | Killed an ogre
  3383 | D:4      | Reached XP level 6. HP: 44/44 MP: 4/16
  3428 | D:4      | Reached skill level 5 in Dodging
  3683 | D:4      | Found a shattered altar of Ashenzari.
  3773 | D:4      | Became a worshipper of Ashenzari the Shackled
  4451 | D:5      | Entered Level 5 of the Dungeon
  4749 | D:5      | Reached XP level 7. HP: 39/50 MP: 7/18
  5409 | D:6      | HP: 2/51 [centaur (6)]
  5812 | D:5      | Reached skill level 5 in Stealth
  5935 | D:5      | Got the spear of Spontaneous Combustion {elec, *Drain rN+
                  | Str+3 SInv}
  5957 | D:5      | Found an iron altar of Okawaru.
  6224 | D:5      | Reached XP level 8. HP: 52/57 MP: 19/19
  7082 | D:6      | Found a radiant altar of Vehumet.
  7234 | D:6      | Found a shadowy altar of Dithmenos.
  7284 | D:6      | Found a shimmering altar of Xom.
  7445 | D:6      | Found a staircase to the Ecumenical Temple.
  8084 | D:7      | Found Luiked's General Store.
  8161 | D:7      | Reached skill level 8 in Spellcasting
  8185 | D:7      | Slain by a hell rat

Skill      XL: |  1  2  3  4  5  6  7  8 |
---------------+-------------------------+-----
Conjurations   | 2 3 |  3.5
Summonings     | 2 3 |  3.5
Translocations | 2 3 |  3.5
Invocations    | 1 2 3 |  3.7
Fighting       | 1 2 3 |  3.4
Short Blades   | 1 2 3 |  3.4
Long Blades    | 1 2 3 |  3.4
Axes           | 1 2 3 |  3.4
Maces & Flails | 1 2 3 |  3.4
Polearms       | 1 2 3 |  3.4
Staves         | 1 2 3 |  3.4
Slings         | 1 2 3 |  3.4
Bows           | 1 2 3 |  3.4
Crossbows      | 1 2 3 |  3.4
Throwing       | 1 2 3 |  3.4
Armour         | 1 2 3 |  3.4
Shields        | 1 2 3 |  3.4
Unarmed Combat | 1 2 3 |  3.4
Evocations     | 1 2 3 |  3.4
Hexes          | 1 2 |  2.7
Charms         | 1 2 |  2.7
Necromancy     | 1 2 |  2.7
Transmutations | 1 2 |  2.7
Fire Magic     | 1 2 |  2.7
Ice Magic      | 1 2 |  2.7
Air Magic      | 1 2 |  2.7
Earth Magic    | 1 2 |  2.7
Poison Magic   | 1 2 |  2.7
Dodging        | 5 |  5.7
Stealth        | 5 |  5.4
Spellcasting   | 8 |  8.0

Action                   |  1- 3 |  4- 6 |  7- 9 || total
-------------------------+-------+-------+-------++-------
Melee: Dagger            |     6 |       |       ||     6
       Bite              |     2 |    15 |    30 ||    47
       Spear             |    19 |   214 |   334 ||   567
       Punch             |       |     2 |     2 ||     4
 Cast: Magic Dart        |    57 |    20 |    26 ||   103
       Mephitic Cloud    |     2 |     6 |     5 ||    13
       Blink             |       |     2 |       ||     2
       Call Imp          |       |       |     9 ||     9
Invok: Curse Item        |       |       |     2 ||     2
  Use: Potion            |       |     4 |     4 ||     8
 Stab: Sleeping          |     4 |    13 |     5 ||    22
       Confused          |       |     1 |     7 ||     8
       Distracted        |       |       |     1 ||     1
  Eat: Chunk             |     2 |     9 |     9 ||    20
       Ration            |       |       |     1 ||     1
Armor: Robe              |     6 |    55 |    71 ||   132
Dodge: Dodged            |    21 |   145 |   258 ||   424
Block: Other             |       |       |    17 ||    17
